 Dungeon Crawl Stone Soup version 0.23.2-11-gf996548c65 (webtiles) character file.

Game seed: 3458633113078841225

448 Kobolds4U the Carver (level 6, -1/53 HPs)
             Began as a Minotaur Fighter on June 5, 2019.
             Slain by an ogre
             ... wielding a +0 giant club
              (14 damage)
             ... on level 4 of the Dungeon.
             The game lasted 00:07:07 (2813 turns).

Kobolds4U the Carver (Minotaur Fighter)             Turns: 2813, Time: 00:07:07

Health: -1/53      AC: 12    Str: 20    XL:     6   Next: 73%
Magic:  5/5        EV:  5    Int:  5    God:
Gold:   115        SH:  9    Dex: 12    Spells: 5/5 levels left

rFire    . . .     SeeInvis .   A - +0 scimitar
rCold    . . .     Gourm    .   c - +0 shield
rNeg     . . .     Faith    .   g - +0 chain mail
rPois    .         Spirit   .   (helmet restricted)
rElec    .         Reflect  .   v - +0 cloak
rCorr    .         Harm     .   l - +0 pair of gloves (curse)
MR       .....                  y - +0 pair of boots
Stlth    ..........             o - amulet of regeneration
HPRegen  0.57/turn              (no ring)
MPRegen  0.09/turn              (no ring)

@: no status effects
A: retaliatory headbutt, horns 2
a: no special abilities


You were on level 4 of the Dungeon.
You were not hungry.

You visited 1 branch of the dungeon, and saw 4 of its levels.

You collected 115 gold pieces.

Inventory:

Hand Weapons
 A - a +0 scimitar (weapon)
Missiles
 n - 7 tomahawks (quivered)
Armour
 b - a +0 scale mail
 c - a +0 shield (worn)
 g - a +0 chain mail (worn)
 l - a cursed +0 pair of gloves (worn)
 v - a +0 cloak (worn)
 y - a +0 pair of boots (worn)
Jewellery
 o - an amulet of regeneration (around neck)
 q - an uncursed ring of ice {unknown}
 z - a cursed +2 ring of strength {unknown}
Wands
 u - a wand of iceblast (6)
Scrolls
 k - a scroll of noise {unknown}
 m - 2 scrolls of identify {unknown}
 r - a scroll of amnesia {unknown}
 s - a scroll of magic mapping {unknown}
 w - a scroll of blinking {unknown}
 x - a scroll of remove curse {unknown}
Potions
 d - a potion of might
 e - 2 potions of curing {unknown}
 h - a potion of haste {unknown}
 i - a potion of mutation {unknown}
 j - a potion of degeneration {unknown}
 p - 3 potions of agility {unknown}
Comestibles
 f - 13 rations
 t - 3 chunks of flesh


   Skills:
 + Level 4.7 Fighting
 * Level 8.0 Long Blades
 - Level 3.8 Armour
 - Level 4.0 Shields


You had 5 spell levels left.
You didn't know any spells.
Your spell library was empty.

Dungeon Overview and Level Annotations

Branches:
Dungeon (4/15)
 Temple: D:4-7

Altars:
Fedhas
Yredelemnul


Innate Abilities, Weirdness & Mutations

You reflexively headbutt those who attack you in melee.
You have a pair of horns on your head.


Message History

This raw flesh tastes terrible.
Some of the chunks of flesh in your inventory have rotted away.
An ogre comes into view. It is wielding a +0 giant club.
The ogre shouts!
The ogre moves out of view.
Found a scroll labeled ROHOGHEAWK.
Found a sparkling iron ring.
You slash the ogre!
The ogre is heavily wounded.
The ogre hits you with a +0 giant club!!
You hit the ogre.
The ogre is heavily wounded.
The ogre hits you with a +0 giant club!!
* * * LOW HITPOINT WARNING * * *
You slash the ogre!
The ogre is almost dead.
You hit the ogre but do no damage. Your headbutt misses the ogre.
The ogre is almost dead.
The ogre hits you with a +0 giant club!
You die...

..........=....
##.....##
..............#
##.......#
.............#
##..#.....#
............#
##..###.....
..........# ##..##
#..... #?..>...##
##..## ##....
######...####..##
###.. ##..O##..## ###
##.@...## ###.
##<..## ####... #..##
####...... #..#
####........#
#..###..........##
#................#
#.................
#..................
...###....##.........


You could see an ogre.

Vanquished Creatures
  Blork the orc (D:4)
  A centaur zombie (D:3)
  2 orc priests (D:3)
  Ijyb (D:3)
  An orc wizard (D:3)
  A worker ant (D:2)
  The ghost of Supaplex the Magician, a weakling DsTm (D:3)
  A howler monkey zombie (D:3)
  Robin (D:3)
  2 adders (D:3)
  4 gnolls (D:3)
  An adder skeleton (D:4)
  4 dart slugs
  A worm (D:2)
  5 leopard geckos
  12 orcs
  A ball python (D:1)
  9 giant cockroaches
  12 goblins
  11 hobgoblins
  4 jackals (D:4)
  3 quokkas
  7 bats
  6 frilled lizards
  5 kobolds
  7 rats
  A spectral orc (D:2)
105 creatures vanquished.

Notes
Turn   | Place    | Note
-------+----------+-------------------------------------------
     0 | D:1      | Kobolds4U the Minotaur Fighter began the quest for the Orb.
     0 | D:1      | Reached XP level 1. HP: 19/19 MP: 0/0
   150 | D:1      | Reached XP level 2. HP: 27/27 MP: 1/1
   296 | D:1      | Reached skill level 3 in Long Blades
   768 | D:1      | Reached XP level 3. HP: 33/33 MP: 2/2
  1073 | D:2      | Reached skill level 4 in Long Blades
  1283 | D:2      | Reached XP level 4. HP: 35/40 MP: 3/3
  1479 | D:2      | Found a basalt altar of Yredelemnul.
  1862 | D:3      | Reached skill level 5 in Long Blades
  1869 | D:3      | Noticed Robin
  1906 | D:3      | Killed Robin
  1963 | D:3      | Reached skill level 6 in Long Blades
  1963 | D:3      | Reached XP level 5. HP: 46/46 MP: 4/4
  2031 | D:3      | Found a blossoming altar of Fedhas.
  2067 | D:3      | Noticed Ijyb
  2091 | D:3      | Killed Ijyb
  2158 | D:3      | Reached skill level 7 in Long Blades
  2267 | D:3      | Reached XP level 6. HP: 49/52 MP: 5/5
  2410 | D:3      | Found a runed translucent gate.
  2410 | D:3      | Found a runed translucent gate.
  2410 | D:3      | Found a runed translucent gate.
  2411 | D:3      | Noticed Supaplex's ghost (weakling DsTm)
  2427 | D:3      | Killed Supaplex's ghost
  2726 | D:4      | Noticed Blork the orc
  2736 | D:4      | Killed Blork the orc
  2736 | D:4      | Reached skill level 8 in Long Blades
  2813 | D:4      | Slain by an ogre

Skill      XL: |  1  2  3  4  5  6 |
---------------+-------------------+-----
Long Blades    | 3 4 6 7 8 |  8.0
Shields        | 4 |  4.0
Fighting       | 4 |  4.7
Armour         | |  3.8

Action                   |  1- 3 |  4- 6 || total
-------------------------+-------+-------++-------
Melee: Long sword        |   116 |   175 ||   291
       Headbutt          |    11 |    28 ||    39
       Scimitar          |       |     4 ||     4
  Eat: Chunk             |     1 |     6 ||     7
Armor: Scale mail        |    43 |     9 ||    52
       Chain mail        |       |    97 ||    97
Dodge: Dodged            |    36 |    33 ||    69
Block: Shield            |    55 |    92 ||   147
       Rpst.: Long sword |     7 |    11 ||    18
